 Dungeon Crawl Stone Soup version 0.29.1-12-g30fa7ad0bf (webtiles) character file.

Game seed: 5920691525680491128

204630 nightchill the Warrior (level 18, -13/162 HPs)
             Began as a Minotaur Fighter on Jan 16, 2023.
             Was an Elder of Hepliaklqana.
             Killed by the raging water
             ... invoked by a water nymph
              (40 damage)
             ... on level 4 of the Shoals on Jan 17, 2023.
             The game lasted 02:22:36 (44351 turns).

nightchill the Warrior (Minotaur Fighter)          Turns: 44351, Time: 02:22:37

Health: -13/162    AC: 25    Str: 35    XL:     18   Next: 1%
Magic:  27/27      EV: 27    Int:  5    God:    Hepliaklqana [****..]
Gold:   1729       SH: 17    Dex: 10    Spells: 17/17 levels left

rFire   + . .      SeeInvis .   w - +2 war axe (elec)
rCold   . . .      Faith    .   F - +5 kite shield {reflect}
rNeg    . . .      Spirit   .   o - +3 chain mail {rPois}
rPois   +          Reflect  +   (helmet restricted)
rElec   .          Harm     .   H - +1 cloak
rCorr   .          Rampage  .   C - +1 pair of gloves of Generosity {Will+}
Will    ++...                   I - +2 pair of boots {Fly}
Stlth   ..........              O - amulet of the acrobat
HPRegen 0.37/turn               G - ring of protection from fire
MPRegen 0.20/turn               k - +6 ring of strength

@: acrobatic, flying
A: reduced essence, horns 2, retaliatory headbutt
}: 1/15 runes: serpentine
a: Renounce Religion, Recall Ancestor, Ancestor Identity, Transference, Idealise


You were on level 4 of the Shoals.
You worshipped Hepliaklqana.
Hepliaklqana was greatly pleased with you.
You visited 6 branches of the dungeon, and saw 31 of its levels.

You collected 3233 gold pieces.
You spent 1504 gold pieces at shops.

Inventory:

Hand Weapons
 a - a +2 war axe of venom
 b - the +6 whip "Reumm" {protect, +Blink rPois Will+ Dex-3}
   (You took it off a hobgoblin on level 2 of the Dungeon)

   It grants its wielder temporary protection when it strikes (+7 to AC).
   Dex:       It affects your dexterity (-3).
   rPois:     It protects you from poison.
   +Blink:    It lets you blink.
   Will:      It increases your willpower.
 u - a +0 broad axe
 w - a +2 war axe of electrocution (weapon)
Missiles
 v - 3 throwing nets (quivered)
 V - 3 curare-tipped darts
Armour
 d - the +4 skin of Zhor {*Englaciate rC+++ SInv}
   (You found it on level 9 of the Dungeon)

   It radiates cold, occasionally slowing all nearby creatures who are not
   resistant to cold.
   rC:        It renders you almost immune to cold.
   SInv:      It lets you see invisible.
 o - a +3 chain mail of poison resistance (worn)
 C - the +1 pair of gloves of Generosity (worn) {Will+}
   (You bought it in a shop on level 2 of the Orcish Mines)

   Will:      It increases your willpower.
 F - a +5 kite shield of reflection (worn)
 H - a +1 cloak (worn)
 I - a +2 pair of boots of flying (worn)
Jewellery
 i - a ring of resist corrosion
 k - a +6 ring of strength (right hand)
 G - a ring of protection from fire (left hand)
 O - an amulet of the acrobat (around neck)
Wands
 m - a wand of digging (6)
 y - a wand of roots (22)
 z - a wand of quicksilver (9)
 B - a wand of paralysis (15)
 L - a wand of flame (41)
 T - a wand of polymorph (22)
 Y - a wand of mindburst (3)
Scrolls
 e - 4 scrolls of vulnerability
 f - 7 scrolls of noise
 h - 7 scrolls of magic mapping
 j - 2 scrolls of summoning
 l - 15 scrolls of teleportation
 q - 4 scrolls of enchant weapon
 r - 3 scrolls of torment
 s - a scroll of silence
 x - 2 scrolls of enchant armour
 A - 4 scrolls of poison
 K - a scroll of blinking
 N - 3 scrolls of immolation
Potions
 c - a potion of might
 g - 3 potions of berserk rage
 n - 2 potions of lignification
 p - 7 potions of heal wounds
 t - a potion of magic
 D - 6 potions of mutation
 E - 6 potions of attraction
 M - a potion of resistance
 P - 3 potions of ambrosia
 Q - 14 potions of curing
 S - a potion of haste
 Z - 2 potions of cancellation
Miscellaneous
 R - a tin of tremorstones (inert)
 W - a phial of floods
 X - a condenser vane


   Skills:
 + Level 20.9 Fighting
 - Level 16.0 Axes
 - Level 14.1 Armour
 + Level 11.7 Dodging
 - Level 15.0 Shields
 - Level 14.1 Invocations
 + Level 7.9 Evocations


You had 17 spell levels left.
You didn't know any spells.
Your spell library contained the following spells:

 Spells                   Type           Power      Damage    Failure   Level
 Freeze                   Ice            0%         1d3       95%         1
 Magic Dart               Conj           0%         1d3       95%         1
 Sandblast                Erth           0%         2d4       95%         1
 Shock                    Conj/Air       0%         1d3       95%         1
 Sting                    Tmut/Pois      0%         1d3       95%         1
 Call Imp                 Summ           0%         N/A       99%         2
 Passwall                 Tmut/Erth      0%         N/A       99%         2
 Poisonous Vapours        Pois/Air       0%         N/A       99%         2
 Static Discharge         Conj/Air       0%         3-3/arc   99%         2
 Sublimation of Blood     Necr           0%         N/A       99%         2
 Frozen Ramparts          Ice            0%         1d1       100%        3
 Gell's Gravitas          Tloc           0%         N/A       100%        3
 Ignite Poison            Fire/Tmut/Pois 0%         N/A       100%        3
 Mephitic Cloud           Conj/Pois/Air  0%         N/A       100%        3
 Portal Projectile        Hex/Tloc       0%         N/A       100%        3
 Stone Arrow              Conj/Erth      0%         3d7       100%        3
 Swiftness                Air            0%         N/A       100%        3
 Teleport Other           Tloc           0%         N/A       100%        3
 Tukima's Dance           Hex            0%         N/A       100%        3
 Airstrike                Air            0%         2d(0-16)  100%        4
 Corpse Rot               Necr/Pois/Air  0%         N/A       100%        4
 Dispel Undead            Necr           0%         3d6       100%        4
 Hailstorm                Conj/Ice       0%         3d3       100%        4
 Ice Form                 Ice/Tmut       0%         N/A       100%        4
 Olgreb's Toxic Radiance  Pois           0%         N/A       100%        4
 Petrify                  Tmut/Erth      0%         N/A       100%        4
 Sticky Flame             Conj/Fire      0%         2d3       100%        4
 Summon Ice Beast         Ice/Summ       0%         N/A       100%        4
 Alistair's Intoxication  Tmut/Pois      0%         N/A       100%        5
 Blade Hands              Tmut           0%         N/A       100%        5
 Borgnjor's Vile Clutch   Necr/Erth      0%         N/A       100%        5
 Freezing Cloud           Conj/Ice/Air   0%         6-21      100%        5
 Irradiate                Conj/Tmut      0%         3d11      100%        5
 Summon Mana Viper        Hex/Summ       0%         N/A       100%        5
 Conjure Ball Lightning   Conj/Air       0%         3x3d6     100%        6
 Dispersal                Tloc           0%         N/A       100%        6
 Eringya's Noxious Bog    Tmut/Pois      0%         N/A       100%        6
 Monstrous Menagerie      Summ           0%         N/A       100%        7
 Discord                  Hex            0%         N/A       100%        8
 Disjunction              Tloc           0%         N/A       100%        8


Dungeon Overview and Level Annotations

Branches:
Dungeon (15/15)            Temple (0/1) D:5            Lair (5/5) D:11
 Shoals (4/4) Lair:2        Snake (4/4) Lair:2        Slime (0/5) Lair:4
    Orc (2/2) D:12            Elf (0/3) Orc:2        Vaults (0/5) D:14
 Depths (1/4) D:15

Altars:
Ashenzari
Cheibriados
Elyvilon
Hepliaklqana
Kikubaaqudgha
Okawaru
Uskayaw
Vehumet
Wu Jian
Xom
Yredelemnul
The Shining One

Shops:
D:3 (**   D:8 *   D:11 !   D:12 [   D:13 *?   Orc:2 [!:[   Snake:3 *
Snake:4 *

Portals:
Trove: D:13 (give +2 gold dragon scales)

Annotations:
D:1 1 runed translucent door
D:4 1 runed translucent door, Crazy Yiuf
D:7 exclusions: electric eel and 1 more exclusion
D:9 exclusion: downstairs
D:10 Urug
D:13 2 exclusions
D:14 exclusion: downstairs
Shoals:1 !kracked in cave, exclusions: door and 1 more exclusion
Shoals:2 exclusion: battlemage
Snake:2 exclusion: downstairs
Snake:3 ! need relec, exclusion: 2 oklob plants
Snake:4 6 transporters
Orc:1 exclusion: downstairs


Innate Abilities, Weirdness & Mutations

Your life essence is reduced to manifest your ancestor. (-10% HP)
You have a pair of horns on your head.
You reflexively headbutt those who attack you in melee.


Message History

The water nymph gestures at you while chanting.
The water rises up and strikes you.
* * * LOW HITPOINT WARNING * * *
The sun demon closely misses Jimmeh.
You feel much better.
Jimmeh points at the sun demon and mumbles some strange words.
The bolt of magma hits the sun demon!
The sun demon partially resists.
The sun demon barely misses Jimmeh.
The water nymph is engulfed in a cloud of scalding steam.
Jimmeh hits the sun demon with a +0 quarterstaff!!
The water nymph points at you and mumbles some strange words.
The water rises up and strikes you!
* * * LOW HITPOINT WARNING * * *
Okay, then.
What are your orders? t - Shout!
Orders for allies: a - Attack new target. r - Retreat! s - Stop attacking. g - Guard the area. f - Follow me.
Anything else - Cancel.
Gang up on whom?
Press: ? - help, Dir - move target, f - water nymph
Aim: a water nymph (moderately wounded) Attack!
Jimmeh completely misses the water nymph.
Jimmeh misses the water nymph.
The water nymph points at you and mumbles some strange words.
The water rises up and strikes you!
* * * LOW HITPOINT WARNING * * *
You feel much better.
Jimmeh hits the water nymph with a +0 quarterstaff!
The water nymph gestures at you while chanting.
The water rises up and strikes you!
* * * LOW HITPOINT WARNING * * *
Jimmeh barely misses the water nymph.
The water nymph casts a spell at you. The water rises up and strikes you.
The water nymph gestures at you while chanting.
The water rises up and strikes you!!!
You die...

~~~~~~≈≈≈≈≈~~~~~~.............
~~~~~≈≈≈≈≈≈~~~~~..............
~~~~≈≈≈≈≈≈≈~~~~...............
~~~~≈≈≈≈≈≈≈~~~............)<..
~~~~≈≈≈≈≈≈≈~~~............~...
~~~~≈≈≈≈≈≈~~~†...~~~~~~~~~...#
~~~~≈≈≈≈≈≈~~~~..######~~~~...#
~~~~≈≈≈≈≈≈~~~~†#~~~~~##PP~~~..
~~~~≈≈≈≈≈≈~~~@#~~#~~~~##~~~P$.
~~~~≈≈≈≈≈≈≈~~#~~~~≈#~~≈#~~~~~~
~~~~≈≈≈≈≈≈≈~3#~#~≈≈≈≈~≈#~~~~P~
~~~~≈≈≈≈≈≈≈~~#~)≈≈##≈.≈#~~~≈~,
~~~~≈≈≈≈≈≈~~~#..#≈#≈..≈#~~~~~~
~~~~≈≈≈≈≈≈~~~#~..≈≈~~#≈#~~~~~~
~~~~≈≈≈≈≈≈~~~##~....#≈##~~~~~,
~~~~≈≈≈≈≈≈~~m.##≈≈≈≈≈##~,~~~~,
~~~~≈≈≈≈≈≈~~R..#######,~,,~~~~


You could see a sun demon and a water nymph.

Vanquished Creatures
  Saint Roka (Snake:4)
  A kraken (Shoals:3)
  Donald (Snake:3)
  3 nagarajas (Snake:4)
  A frost giant (Depths:1)
  A fire giant (Depths:1)
  An ettin (Depths:1)
  Josephine (Snake:1)
  2 merfolk javelineers (Shoals:4)
  A salamander tyrant (Snake:3)
  2 merfolk impalers (Shoals:2)
  4 hydras
  An ogre mage (D:15)
  A catoblepas (Lair:1)
  A jorogumo (shapeshifter) (D:14)
  2 boulder beetles (D:13)
  6 anacondas
  2 merfolk aquamancers
  4 centaur warriors
  5 two-headed ogres
  An alligator snapping turtle (Shoals:2)
  2 satyrs (Shoals:3)
  13 naga warriors
  2 orc high priests (Orc:2)
  3 tengu warriors
  Sonja (D:12)
  13 naga sharpshooters
  4 shock serpents
  Amaemon (Lair:2)
  8 sea snakes
  A glowing orange brain (Depths:1)
  3 naga ritualists
  13 harpies
  An obsidian statue (D:9)
  8 mana vipers
  A deep elf pyromancer (D:11)
  4 orc knights
  9 manticores
  6 cyclopes
  14 ugly things
  An oklob plant (D:13)
  9 fauns
  7 salamanders
  4 elephants (Lair:2)
  Joseph (D:9)
  5 naga magi
  An orange demon (Lair:2)
  28 black mambas
  5 guardian serpents
  6 merfolk sirens
  2 water nymphs
  5 cane toads
  2 efreet
  2 rime drakes (Lair:4)
  8 komodo dragons
  2 trolls
  18 merfolk
  6 wind drakes
  7 blink frogs
  3 hornets
  5 slime creatures
  8 snapping turtles
  4 wraiths
  A shadow (D:12)
  2 wyverns
  20 yaks
  9 water elementals
  A hog (D:12)
  3 basilisks
  2 vampire mosquitoes (D:11)
  Edmund (D:6)
  4 wargs
  21 nagas
  2 swamp worms (D:9)
  7 water moccasins
  31 orc warriors
  2 sky beasts (D:7)
  A meliai simulacrum (D:15)
  An ice beast (D:7)
  2 boggarts (D:14)
  10 ogres
  10 centaurs
  A phantom (D:6)
  A kobold brigand (D:9)
  6 bullfrogs
  A scorpion (D:3)
  6 wights
  8 killer bees
  2 electric eels (D:15)
  2 hounds
  A jelly (D:6)
  21 orc priests
  A gnoll bouda (D:8)
  Natasha (thrice) (D:4)
  11 iguanas
  18 orc wizards
  Ijyb (D:5)
  Robin (D:3)
  4 adders
  20 gnolls
  2 white imps (D:8)
  2 dart slugs
  A worm (D:2)
  79 orcs
  10 endoplasms
  A giant cockroach (D:2)
  11 goblins
  6 hobgoblins
  2 jackals (D:3)
  3 quokkas
  8 ball pythons
  5 bats (D:2)
  14 frilled lizards
  7 kobolds
  3 rats
  4 tentacles (Shoals:3)
684 creatures vanquished.

Vanquished Creatures (collateral kills)
  Kirke (D:12)
  7 nagarajas
  An orc warlord (Orc:1)
  A stone giant (D:15)
  An elemental wellspring (Shoals:1)
  A fire dragon (Depths:1)
  A merfolk impaler (Shoals:1)
  An ice dragon (Depths:1)
  2 hydras
  A merfolk avatar (Shoals:3)
  4 anacondas
  2 boulder beetles
  2 centaur warriors
  2 dancing weapons (D:14)
  3 tengu warriors
  4 naga warriors
  3 orc high priests (Orc:2)
  3 naga sharpshooters
  5 sea snakes (Snake:4)
  4 naga ritualists
  A deep elf pyromancer (D:15)
  4 orc knights (Orc:2)
  5 harpies
  8 fauns
  5 salamanders
  3 mana vipers
  2 orc sorcerers (Orc:2)
  2 cyclopes (D:13)
  7 manticores
  2 merfolk sirens
  4 water nymphs
  8 naga magi
  18 black mambas
  6 guardian serpents
  3 cane toads
  2 komodo dragons
  2 trolls
  6 merfolk
  2 wind drakes
  A polar bear (Lair:1)
  A slime creature (D:12)
  3 blink frogs
  2 dream sheep (Shoals:3)
  5 snapping turtles
  A wraith (Snake:1)
  5 yaks
  2 hogs (D:12)
  A wyvern (Lair:2)
  A vampire mosquito (D:11)
  2 wargs (Orc:2)
  13 nagas
  A swamp worm (D:9)
  2 water moccasins
  An acid dragon (D:14)
  19 orc warriors
  A boggart (D:14)
  4 centaurs
  2 bullfrogs
  3 killer bees (D:9)
  An oklob sapling (D:13)
  14 orc priests
  A gnoll bouda (D:7)
  5 iguanas (Lair:1)
  8 orc wizards
  2 gnolls
  4 adders (D:13)
  45 orcs
  A jackal (D:13)
  2 kobolds (D:9)
  5 ball pythons (D:13)
  8 frilled lizards (Lair:1)
  A tentacle (Shoals:3)
306 creatures vanquished.

Vanquished Creatures (others)
  A human (D:12)
  55 battlemagi
  2 ancestors (D:8)
  8 fungi
  92 plants
  15 tentacles
173 creatures vanquished.

Grand Total: 1163 creatures vanquished

Notes
Turn   | Place    | Note
-------+----------+-------------------------------------------
     0 | D:1      | nightchill the Minotaur Fighter began the quest for the
                  | Orb.
     0 | D:1      | Reached XP level 1. HP: 19/19 MP: 0/0
     1 | D:1      | Found a runed translucent door.
     3 | D:1      | Noticed a jelly
   482 | D:1      | Noticed a jelly
   623 | D:1      | Reached XP level 2. HP: 27/27 MP: 1/1
  1052 | D:2      | Reached skill level 4 in Fighting
  1087 | D:2      | Found a faded altar of an unknown god.
  1309 | D:2      | Identified the +6 whip "Reumm" {protect, +Blink rPois Will+
                  | Dex-3}
  1334 | D:2      | Reached XP level 3. HP: 33/33 MP: 2/2
  1876 | D:3      | Reached XP level 4. HP: 41/41 MP: 3/3
  1989 | D:3      | Reached skill level 5 in Axes
  2128 | D:3      | Found Heje's Assorted Antiques.
  2204 | D:3      | Found Ycagivy's Assorted Antiques.
  2225 | D:3      | Reached skill level 5 in Fighting
  2225 | D:3      | Reached XP level 5. HP: 20/48 MP: 4/4
  2537 | D:3      | Noticed Robin
  2544 | D:3      | Found Zacounou's Weapon Shoppe.
  2554 | D:3      | Reached XP level 6. HP: 48/56 MP: 5/5
  2562 | D:3      | Killed Robin
  2998 | D:4      | Found a runed translucent door.
  2999 | D:4      | Noticed Crazy Yiuf
  3086 | D:4      | Noticed Natasha
  3106 | D:4      | Killed Natasha
  3317 | D:4      | Noticed Natasha
  3334 | D:4      | Killed Natasha
  3335 | D:4      | Reached skill level 6 in Fighting
  3349 | D:4      | Found an ancient bone altar of Kikubaaqudgha.
  3453 | D:4      | Noticed Natasha
  3464 | D:4      | Killed Natasha
  3600 | D:4      | Found a shimmering altar of Xom.
  3867 | D:5      | Entered Level 5 of the Dungeon
  4075 | D:5      | Reached XP level 7. HP: 32/63 MP: 6/6
  4283 | D:5      | Noticed Ijyb
  4287 | D:5      | Killed Ijyb
  4355 | D:5      | Found a hazy altar of Hepliaklqana.
  4371 | D:5      | Found a basalt altar of Yredelemnul.
  4413 | D:5      | Became a worshipper of Hepliaklqana the Forgotten
  4557 | D:5      | Found a staircase to the Ecumenical Temple.
  4832 | D:6      | Noticed Edmund
  4853 | D:6      | Killed Edmund
  4910 | D:6      | Reached skill level 7 in Fighting
  5046 | D:6      | Reached XP level 8. HP: 61/73 MP: 7/7
  5268 | D:6      | Reached skill level 10 in Axes
  5279 | D:6      | Found an iron altar of Okawaru.
  5543 | D:6      | Found a glowing golden altar of the Shining One.
  5643 | D:7      | Reached skill level 8 in Fighting
  5992 | D:7      | Reached * piety under Hepliaklqana
  6902 | D:8      | Reached XP level 9. HP: 72/73 MP: 8/8
  6919 | D:8      | Reached skill level 9 in Fighting
  7438 | D:8      | Found Uzew's Elemental Accessories.
  7518 | D:8      | Reached ** piety under Hepliaklqana
  7521 | D:8      | Remembered your ancestor Jimmeh as a battlemage
  7930 | D:8      | Noticed a two-headed ogre
  7934 | D:8      | Killed a two-headed ogre
  7935 | D:8      | Reached skill level 10 in Fighting
  8253 | D:9      | Found a white marble altar of Elyvilon.
  8439 | D:9      | Noticed Joseph
  8440 | D:9      | Reached XP level 10. HP: 69/84 MP: 11/11
  8516 | D:9      | Killed Joseph
  8793 | D:9      | Noticed an obsidian statue
  8793 | D:9      | Found the +4 skin of Zhor {*Englaciate rC+++ SInv}
  8833 | D:9      | Killed an obsidian statue
  8836 | D:9      | Identified the +1 war axe "Hellblazer" {distort, +Blink rN+
                  | Str-4 Int+2}
  8926 | D:9      | Identified the +0 chain mail of the Supporting Gods {Dex+5}
  8977 | D:9      | Reached skill level 11 in Fighting
  9493 | D:10     | Entered Level 10 of the Dungeon
  9514 | D:10     | Found a snail-covered altar of Cheibriados.
  9629 | D:10     | Found a broken altar of Ashenzari.
  9674 | D:10     | Noticed a two-headed ogre
  9674 | D:10     | Noticed Urug
 10198 | D:11     | Reached skill level 15 in Axes
 10348 | D:11     | Noticed a deep elf pyromancer
 10352 | D:11     | Reached skill level 5 in Invocations
 10355 | D:11     | Killed a deep elf pyromancer
 10381 | D:11     | Reached XP level 11. HP: 53/93 MP: 12/14
 10557 | D:11     | Found Apoibeoc's Distillery.
 10589 | D:11     | Noticed a brown ugly thing
 10602 | D:11     | Killed a brown ugly thing
 10737 | D:11     | Found a staircase to the Lair.
 10830 | Lair:1   | Entered Level 1 of the Lair of Beasts
 10974 | Lair:1   | Reached skill level 12 in Fighting
 11076 | Lair:1   | Noticed a boulder beetle
 11113 | Lair:1   | Killed a boulder beetle
 11257 | Lair:1   | Reached *** piety under Hepliaklqana
 11350 | Lair:1   | Noticed a catoblepas
 11382 | Lair:1   | Killed a catoblepas
 11415 | Lair:1   | Reached skill level 13 in Fighting
 11673 | Lair:1   | Noticed a six-headed hydra
 11684 | Lair:1   | Killed a six-headed hydra
 11831 | Lair:1   | Found an ornate altar of the Wu Jian Council.
 11839 | Lair:1   | Found a hide-covered altar of Uskayaw.
 12644 | Lair:2   | Reached XP level 12. HP: 90/104 MP: 17/17
 12727 | Lair:2   | Found a staircase to the Snake Pit.
 12886 | Lair:2   | Noticed Amaemon
 12893 | Lair:2   | Killed Amaemon
 12894 | Lair:2   | Reached skill level 14 in Fighting
 13110 | Lair:2   | Reached **** piety under Hepliaklqana
 13579 | Lair:2   | Found a staircase to the Shoals.
 13755 | Lair:3   | Noticed a five-headed hydra
 13765 | Lair:3   | Killed a five-headed hydra
 13766 | Lair:3   | Reached skill level 5 in Armour
 13766 | Lair:3   | Reached skill level 5 in Shields
 14412 | Lair:3   | Noticed a six-headed hydra
 14422 | Lair:3   | Killed a seven-headed hydra
 14802 | Lair:4   | Found a radiant altar of Vehumet.
 14922 | Lair:4   | Reached ***** piety under Hepliaklqana
 14922 | Lair:4   | Found a staircase to the Slime Pits.
 15187 | Lair:4   | Reached skill level 10 in Invocations
 15715 | Lair:5   | Entered Level 5 of the Lair of Beasts
 16163 | D:12     | Found a staircase to the Orcish Mines.
 16165 | D:12     | Found Ceitoe's Armour Boutique.
 16208 | Orc:1    | Entered Level 1 of the Orcish Mines
 16318 | Orc:1    | Reached XP level 13. HP: 88/112 MP: 11/19
 16879 | Orc:2    | Entered Level 2 of the Orcish Mines
 16887 | Orc:2    | Reached skill level 15 in Fighting
 17374 | Orc:2    | Noticed an orc warlord
 17492 | Orc:1    | Killed an orc warlord
 18015 | Orc:2    | Found a staircase to the Elven Halls.
 19710 | Orc:2    | Reached skill level 10 in Armour
 19710 | Orc:2    | Reached skill level 10 in Shields
 20184 | Orc:2    | Found Ymaxidgh's Distillery.
 20187 | Orc:2    | Found Zeaschai's Book Boutique.
 20188 | Orc:2    | Found Xaskapt's Antique Armour Shop.
 20188 | Orc:2    | Found Junofe's Antique Armour Shop.
 20205 | Orc:2    | Bought a pair of masterwork gloves for 294 gold pieces
 20205 | Orc:2    | Identified the +1 pair of gloves of Generosity {Will+} (You
                  | bought it in a shop on level 2 of the Orcish Mines)
 20421 | D:12     | Noticed Kirke
 20439 | D:12     | Noticed a sphinx
 20442 | D:12     | Killed Kirke
 21176 | D:12     | Noticed Sonja
 21208 | D:12     | Killed Sonja
 21311 | D:13     | Found Guolivyr's Magic Scroll Emporium.
 21378 | D:13     | Reached XP level 14. HP: 75/117 MP: 21/21
 21476 | D:13     | Bought a scroll of identify for 28 gold pieces
 21770 | D:13     | Got the Discourse on Permutations
 22241 | D:13     | Found Jilinaf's General Store.
 22656 | D:13     | Found a portal to a secret trove of treasure.
 23068 | D:13     | Reached skill level 16 in Fighting
 23674 | D:14     | Reached skill level 1 in Dodging
 23868 | D:14     | Found a gate to the Vaults.
 23924 | D:14     | You fall into a shaft and drop 1 floor!
 23924 | D:15     | Entered Level 15 of the Dungeon
 24186 | D:14     | Found a hide-covered altar of Uskayaw.
 25454 | D:15     | Found a staircase to the Depths.
 25454 | D:15     | Noticed a stone giant
 25489 | D:15     | Killed a stone giant
 26452 | Snake:1  | Entered Level 1 of the Snake Pit
 26586 | Snake:1  | Reached XP level 15. HP: 126/131 MP: 23/23
 27023 | Snake:1  | Reached skill level 17 in Fighting
 27127 | Snake:1  | Reached skill level 5 in Dodging
 27134 | Snake:1  | Noticed a nagaraja
 27148 | Snake:1  | Killed a nagaraja
 27167 | Snake:1  | Noticed a nagaraja
 27176 | Snake:1  | Killed a nagaraja
 27803 | Snake:1  | Noticed Josephine
 27811 | Snake:1  | Killed Josephine
 29227 | Snake:2  | Identified the +6 short sword of Rihiy {flame, Fragile
                  | rF+++ Int+8 Stlth-}
 29248 | Snake:2  | Reached skill level 18 in Fighting
 30458 | Snake:3  | Reached XP level 16. HP: 141/141 MP: 20/25
 31126 | Shoals:1 | Entered Level 1 of the Shoals
 31269 | Shoals:1 | Reached skill level 15 in Shields
 32007 | Shoals:1 | Noticed a kraken
 33420 | D:3      | Bought a potion of curing for 81 gold pieces
 33420 | D:3      | Bought a potion of curing for 81 gold pieces
 33420 | D:3      | Bought a scroll of blinking for 202 gold pieces
 33420 | D:3      | Bought a scroll of fear for 108 gold pieces
 33533 | D:8      | Bought a scroll of silence for 95 gold pieces
 33617 | D:13     | Bought a scroll of teleportation for 42 gold pieces
 33820 | D:11     | Bought a potion of heal wounds for 65 gold pieces
 33820 | D:11     | Bought a potion of heal wounds for 65 gold pieces
 33820 | D:11     | Bought a potion of cancellation for 104 gold pieces
 33820 | D:11     | Bought a potion of curing for 39 gold pieces
 33963 | Shoals:2 | Reached skill level 1 in Evocations
 34513 | Shoals:2 | Reached skill level 19 in Fighting
 34596 | Shoals:2 | Identified the +7 scimitar of Gieluf {vamp, rCorr}
 34953 | Shoals:2 | Identified the +3 dagger "Jijerchifoc" {vorpal, Str+2
                  | Dex+4}
 35779 | Shoals:3 | Noticed a kraken
 35878 | Shoals:3 | Killed a kraken
 36331 | Shoals:3 | Reached XP level 17. HP: 122/151 MP: 26/26
 37272 | Depths:1 | Entered Level 1 of the Depths
 38184 | Snake:3  | Found Pasoak's General Store.
 38366 | Snake:3  | Reached skill level 5 in Evocations
 38521 | Snake:3  | Noticed Donald
 38531 | Snake:3  | Killed Donald
 38731 | Snake:3  | Found an iron altar of Okawaru.
 39353 | Snake:4  | Entered Level 4 of the Snake Pit
 39431 | Snake:4  | Found a transporter.
 39470 | Snake:4  | Found a transporter.
 39506 | Snake:4  | Reached skill level 20 in Fighting
 39521 | Snake:4  | Found a transporter.
 39530 | Snake:4  | Found a transporter.
 39566 | Snake:4  | Found Jyah's Assorted Antiques.
 39566 | Snake:4  | Found a transporter.
 39569 | Snake:4  | Found a transporter.
 39935 | Snake:4  | Reached skill level 10 in Dodging
 40166 | Snake:4  | Noticed Saint Roka
 40490 | Snake:4  | HP: 1/153 [Saint Roka/+0 war axe (42)]
 40519 | Snake:4  | Killed Saint Roka
 40852 | Snake:4  | Bought a scroll of teleportation for 72 gold pieces
 42597 | Snake:4  | Got a serpentine rune of Zot
 42630 | Snake:4  | Identified the +3 falchion "Miyhikk" {flame, Str+6}
 42856 | Snake:4  | Bought a scroll of silence for 228 gold pieces
 43053 | Shoals:4 | Entered Level 4 of the Shoals
 44235 | Shoals:4 | Reached XP level 18. HP: 162/162 MP: 27/27
 44351 | Shoals:4 | Killed from afar by a water nymph

Illustrated notes

Levels and vault maps discovered:
D:1:      dpeg_arrival_caged_fury, layout_loops_corners
D:2:      layout_loops_ring, ebering_ecumenical_altar_ruins, moated_statue,
          minmay_misc_feat_doors, kennysheep_generic_room_12
D:3:      layout_loops_ring, serial_shops, nicolae_shop_bloodbath_and_beyond,
          nicolae_shop_overgrown_old_shop, nicolae_lakefront_shop, uniq_robin
D:4:      layout_loops_ring, mainiacjoe_overflow_chevrons,
          mainiacjoe_overflow_alcove_4, uniq_crazy_yiuf_cottage, uniq_natasha
D:5:      layout_rooms, lemuel_tele_altar, mainiacjoe_overflow_boulevard,
          minmay_temple_entry_butterflies, uniq_ijyb
D:6:      layout_loops_ring, okawaru_altar_gauntlet_db, lemuel_doored_altar,
          uniq_edmund
D:7:      layout_basic, minivault_14
D:8:      layout_basic, special_room [special_room_orc], nicolae_elemental_shop
D:9:      layout_loops_cross, mainiacjoe_overflow_small_starburst, minivault_15,
          worms_lemuel, uniq_joseph
D:10:     layout_rooms, nicolae_ashenzari_panopticon,
          nicolae_overflow_crystal_walls, uniq_urug, uniq_fannar
D:11:     layout_roguey, david_lair_shrubbed, serial_shops,
          nicolae_stop_n_shop_2
D:12:     layout_loops_ring, orc_david_3, kennysheep_generic_room_8, uniq_sonja,
          uniq_kirke
D:13:     layout_roguey, enter_trove_1, serial_shops, shop,
          nicolae_take_the_stairs, introduction_to_nature_1
D:14:     layout_loops_ring, erik_vaults_1, dk_noncrumbling_3,
          nicolae_uskayaw_en_pointe
D:15:     grunt_enter_depths_snipers, layout_basic, serial_bayou_pond_d
Lair:1:   lemuel_reptile_caves, layout_hall_layers,
          chequers_serial_rivers_micro_d, nzn_masters_of_martial_movement
Lair:2:   layout_concentric_octagons, elwin_shoals_entry_rooms,
          guppyfry_snake_entry_island, columned_hall_lemuel,
          chequers_serial_rivers_small_a, uniq_amaemon
Lair:3:   layout_small_grid, enter_volcano_4, grunt_megastairs_3
Lair:4:   layout_regular_city, slime_entry_1, basic_altar
Lair:5:   minmay_lair_end_frog_pond, layout_cave_pods, serial_rivers,
          chequers_serial_rivers_micro_b, chequers_serial_rivers_micro_a,
          chequers_serial_rivers_micro_c, chequers_serial_rivers_micro_b,
          chequers_serial_rivers_micro_e, chequers_serial_rivers_small_a
Shoals:1: layout_shoals, nicolae_shoals_spring_well_temple
Shoals:2: layout_shoals
Shoals:3: layout_shoals
Shoals:4: shoals_end_hangedman, layout_shoals, nicolae_shoals_sun_and_surf
Snake:1:  hangedman_cross_veins, layout_basic, grunt_ministairs_15,
          grunt_megastairs_2, uniq_josephine
Snake:2:  layout_cave_pods
Snake:3:  dpeg_oklob_gauntlet, layout_misc_corridors, serial_shops,
          nicolae_stop_n_shop_2, basic_altar, uniq_donald
Snake:4:  grunt_snake_rune_pools, layout_onion, serial_shops, shop,
          serial_nicolae_subway, nicolae_sub_station_metal,
          nicolae_sub_station_stone, nicolae_sub_station_crystal,
          uniq_saint_roka
Orc:1:    layout_caves
Orc:2:    st_orc_pillars, layout_diamond_mine, mines4_lemuel
Depths:1: layout_cave_pools, enter_ziggurat_e, rand_demon_pan_entry_5,
          hell_entry, abyss_entry, skrybe_limestone_x,
          minmay_misc_feat_enclosed, kennysheep_nondescript,
          kennysheep_another_room, minmay_misc_feat_room,
          minmay_misc_feat_encased, tgw_xom

Skill      XL: |  1  2  3  4  5  6  7  8  9 10 11 12 13 14 15 16 17 |
---------------+----------------------------------------------------+-----
Axes           | 3 4 5 6 7 9 11 13 15 16 | 16.0
Fighting       | 4 5 6 7 8 10 11 13 14 15 16 18 19 20 | 20.9
Invocations    | 3 5 8 10 11 12 13 14 | 14.1
Armour         | 7 10 13 14 | 14.1
Shields        | 7 10 12 14 15 | 15.0
Dodging        | 4 5 8 11 | 11.7
Evocations     | 4 7 |  7.9

Action                   |  1- 3 |  4- 6 |  7- 9 | 10-12 | 13-15 | 16-18 || total
-------------------------+-------+-------+-------+-------+-------+-------++-------
Melee: War axe           |    46 |       |    57 |   313 |   713 |   646 ||  1775
       Headbutt          |     6 |    16 |    33 |    75 |   136 |   158 ||   424
       Whip              |    34 |   105 |   157 |    35 |    10 |       ||   341
Invok: Ancestor Identity |       |       |     1 |       |       |       ||     1
       Recall Ancestor   |       |       |     1 |     7 |    21 |    39 ||    68
       Ancestor Life: Ba |       |       |     1 |       |       |       ||     1
       Idealise          |       |       |       |       |    16 |     5 ||    21
       Transference      |       |       |       |       |     1 |     4 ||     5
Evoke: Wand              |       |       |       |       |     3 |     6 ||     9
       Tin of tremorston |       |       |       |       |       |     4 ||     4
       Condenser vane    |       |       |       |       |       |     1 ||     1
  Use: Scroll            |       |     4 |     3 |     8 |    15 |    14 ||    44
       Potion            |       |       |       |     5 |     1 |    11 ||    17
 Stab: Petrified         |       |       |       |     6 |       |       ||     6
       Distracted        |       |       |       |     4 |    15 |    21 ||    40
       Confused          |       |       |       |       |       |     4 ||     4
       Invisible         |       |       |       |       |       |     3 ||     3
Armor: Scale mail        |    23 |    22 |       |       |       |       ||    45
       Chain mail        |       |    18 |    35 |       |    82 |   221 ||   356
       Plate armour      |       |       |    49 |    10 |       |       ||    59
       Animal skin       |       |       |       |    61 |   110 |       ||   171
Dodge: Dodged            |    37 |    46 |    95 |   157 |   309 |   295 ||   939
Block: Buckler           |    13 |     8 |    28 |    56 |   109 |       ||   214
       Kite shield       |       |       |       |       |   103 |   465 ||   568
       Reflection        |       |       |       |       |       |    24 ||    24
